 Dungeon Sprint DCSS version 0.30.1-11-g7821555f0a (webtiles) character file.

Game seed: 12270889164721925243

4858 Groucho the Unseen (level 10, -1/59 HPs)
             Began as a Spriggan Enchanter on Jan 1, 2024.
             Was a Priest of Dithmenos.
             Shot with a bolt by a yaktaur (32 damage)
             ... in the Dungeon (Sprint II: "The Violet Keep of Menkaure").
             The game lasted 00:06:31 (379 turns).

Groucho the Unseen (Spriggan Enchanter)              Turns: 379, Time: 00:06:32

Health: -1/59      AC:  3    Str:  4    XL:     10   Next: 25%
Magic:  16/25      EV: 26    Int: 21    God:    Dithmenos [***...]
Gold:   402        SH:  0    Dex: 16    Spells: 21/29 levels left

rFire   + . .        a - +1 dagger
rCold   . . .        (no shield)
rNeg    . . .        b - +0 robe
rPois   .            k - +1 hat {Will+}
rElec   .            (no cloak)
rCorr   .            (gloves unavailable)
SInv    +            (boots unavailable)
Will    ++...        (no amulet)
Stlth   ++++++++     f - ring of flight
HPRegen 0.29/turn    j - ring of protection from fire
MPRegen 0.19/turn

%: no teleportation
@: flying, wreathed by umbra, very quick
A: very small, no large weapons, unfitting armour, see invisible, speed 3
a: Renounce Religion, Shadow Step


You were in the Dungeon.
You worshipped Dithmenos.
Dithmenos was most pleased with you.
You visited 1 branch You collected 1232 gold pieces.
You spent 830 gold pieces at shops.

Inventory:

Hand Weapons
 a - a +1 dagger (weapon)
Armour
 b - a +0 robe (worn)
 k - a +1 hat of willpower (worn)
Jewellery
 f - a ring of flight (left hand)
 j - a ring of protection from fire (right hand)
Scrolls
 i - a scroll of blinking
Potions
 d - 2 potions of curing
 e - a potion of heal wounds
 g - 2 potions of magic
 h - a potion of berserk rage


   Skills:
 - Level 10.0 Fighting
 - Level 10.0 Short Blades
 + Level 13.9 Dodging
 - Level 15.0 Stealth
 - Level 10.0 Spellcasting
 - Level 14.0 Hexes


You had 21 spell levels left.
You knew the following spells:

 Your Spells              Type           Power      Damage    Failure   Level
a - Ensorcelled Hibernat  Hex/Ice        78%        N/A       1%          2
b - Confusing Touch       Hex            62%        N/A       1%          3
c - Dazzling Flash        Conj/Hex       78%        N/A       1%          3

Your spell library contained the following spells:

 Spells                   Type           Power      Damage    Failure   Level
 Tukima's Dance           Hex            62%        N/A       1%          3


Dungeon Overview and Level Annotations

Branches:
Dungeon (1/1)

Altars:
Cheibriados
Dithmenos
Elyvilon
Fedhas
Gozag
Hepliaklqana
Kikubaaqudgha
Makhleb
Nemelex Xobeh
Okawaru
Qazlal
Ru
Sif Muna
Trog
Uskayaw
Vehumet
Wu Jian
Xom
Yredelemnul
Zin
The Shining One
Jiyva
Lugonu

Shops:
D [:!=(=:!![[?([!

Annotations:
D exclusion: oklob plant


Innate Abilities, Weirdness & Mutations

You are very small and have problems with some larger weapons.
You are too small for most types of armour.
You have supernaturally acute eyesight. (SInv)
You cover ground extremely quickly. (Speed+++)


Message History

Aiming: Ensorcelled Hibernation (safe; 1% risk of failure)
Press: ? - help, Shift-Dir - straight line, f/p - hornet
Aim: a hornet (umbra, chance to affect: 57%)
The hornet looks drowsy...
The helpless hornet fails to defend itself.
You stick the hornet like a pincushion!!!!
You kill the hornet!
Dithmenos accepts your kill.
You will now sometimes bleed smoke when heavily injured by enemies.
Your Dodging skill increases to level 13!
Unknown command.
Casting: Ensorcelled Hibernation (safe; 1% risk of failure)
Confirm with . or Enter, or press ? or * to list all spells.
Your hands begin to glow red.
The polar bear bites you!
The polar bear claws you but does no damage.
The polar bear closely misses you.
You hit the polar bear but do no damage.
The polar bear appears confused.
You hit the polar bear but do no damage.
The polar bear barely misses you. The polar bear closely misses you.
The polar bear claws you but does no damage.
The polar bear bites itself!
The polar bear claws itself but does no damage. x2
You hit the polar bear.
The polar bear is moderately wounded.
You hit the polar bear but do no damage.
The polar bear is moderately wounded.
You catch the helpless polar bear completely off-guard!
You skewer the polar bear like a kebab!!!
You kill the polar bear!
Dithmenos accepts your kill.
Casting: Confusing Touch (safe; 1% risk of failure)
Confirm with . or Enter, or press ? or * to list all spells.
Aiming: Ensorcelled Hibernation (safe; 1% risk of failure)
Press: ? - help, Shift-Dir - straight line, f - yaktaur
Aim: a yaktaur (umbra, chance to affect: 49%)
The yaktaur resists with some effort.
The yaktaur wields a +0 arbalest.
The yaktaur shoots a bolt.
The bolt hits you!!
Ouch! That really hurt!
You die...

. .. #..'..^.# #+#
..#..####.#
#.###.####..'.### .#††#
...#.(#^..####
.#.####..#####..##$# ??[
#'###.##..#.††..#..#▓$![$$
#.##...#..#.†#..#.†#▓!?)?$
.<.'###'..####^.##c#▓()[!?
#.##.†.#....###.@.##▓▓▓▓▓▓
#'###.##...÷..~~~~~~~~~~~~
.#.####~~.....~#'########+
.#..#~~~§~~~..~#....._._#~
...##~~§~§§~§§~#...._._.#~
#+##~~~≈≈§§§§§~#..._._._#~
~~~~~§≈§≈~~~#.._._._.#~
++#~≈≈§≈§≈§~#._._._._#~
##§≈§###§§#_._._._.#~


You could see a yaktaur.

Vanquished Creatures
  A deep elf master archer (D)
  2 boulder beetles (D)
  A death yak (D)
  3 polar bears (D)
  A hornet (D)
  2 wyverns (D)
  4 water moccasins (D)
  4 necrophages (D)
  4 scorpions (D)
  A spectral ball python (D)
  A spectral giant cockroach (D)
24 creatures vanquished.

Vanquished Creatures (others)
  Menkaure (D)
  A water moccasin (D)
2 creatures vanquished.

Grand Total: 26 creatures vanquished

Notes
Turn   | Place    | Note
-------+----------+-------------------------------------------
     0 | D        | Groucho the Spriggan Enchanter began the quest for the Orb.
     0 | D        | Reached XP level 1. HP: 9/9 MP: 5/5
     3 | D        | Noticed a scorpion
     3 | D        | Noticed a scorpion
     3 | D        | Noticed a scorpion
     3 | D        | Noticed a scorpion
     6 | D        | Killed a scorpion
     7 | D        | Reached skill level 6 in Stealth
     7 | D        | Reached skill level 5 in Hexes
     7 | D        | Reached XP level 2. HP: 15/15 MP: 5/8
     7 | D        | Reached XP level 3. HP: 18/18 MP: 6/10
     7 | D        | Killed a scorpion
     8 | D        | Reached skill level 5 in Dodging
     8 | D        | Reached skill level 7 in Stealth
     8 | D        | Reached skill level 5 in Spellcasting
     8 | D        | Reached XP level 4. HP: 25/25 MP: 7/12
    10 | D        | Killed a scorpion
    11 | D        | Reached skill level 5 in Fighting
    11 | D        | Reached skill level 5 in Short Blades
    11 | D        | Reached skill level 9 in Stealth
    11 | D        | Reached XP level 5. HP: 30/30 MP: 7/13
    12 | D        | Reached skill level 11 in Stealth
    20 | D        | Noticed a boulder beetle
    20 | D        | Noticed a boulder beetle
    27 | D        | Reached skill level 13 in Stealth
    27 | D        | Reached XP level 6. HP: 35/35 MP: 8/14
    28 | D        | Reached skill level 15 in Stealth
    40 | D        | Noticed a wyvern
    40 | D        | Noticed a wyvern
    43 | D        | Killed a wyvern
    44 | D        | Reached XP level 7. HP: 39/39 MP: 9/15
    46 | D        | Killed a wyvern
    54 | D        | Killed a boulder beetle
    55 | D        | Reached skill level 10 in Short Blades
    55 | D        | Reached XP level 8. HP: 43/43 MP: 10/16
    62 | D        | Killed a boulder beetle
    62 | D        | Killed Menkaure
    80 | D        | Learned a level 2 spell: Ensorcelled Hibernation
    84 | D        | Learned a level 3 spell: Confusing Touch
    88 | D        | Learned a level 3 spell: Dazzling Flash
    89 | D        | Found Zeita's Antique Armour Emporium.
    89 | D        | Found Miumnen's Distillery.
    89 | D        | Found Ceriv's Antique Armour Shoppe.
    89 | D        | Found Siojafute's Weapon Shoppe.
    89 | D        | Found Faeram's Distillery.
    89 | D        | Found Gelixaba's Magic Scroll Emporium.
    89 | D        | Found Soel's Distillery.
    90 | D        | Found Buseanka's Jewellery Shoppe.
    90 | D        | Found Coaryz's Antique Armour Emporium.
    90 | D        | Found Mibees's Book Emporium.
    90 | D        | Found Loann's Antique Weapon Shoppe.
   106 | D        | Reached XP level 9. HP: 41/47 MP: 6/23
   202 | D        | Found Ticyvoc's Jewellery Shoppe.
   202 | D        | Found Pist's Distillery.
   202 | D        | Noticed an oklob plant
   203 | D        | Found Idimm's Armour Shoppe.
   203 | D        | Found Raovekk's Book Shoppe.
   204 | D        | Noticed a cane toad
   207 | D        | Noticed a cane toad
   238 | D        | Bought a ring of flight for 192 gold pieces
   238 | D        | Bought a ring of protection from fire for 275 gold pieces
   241 | D        | Bought a +1 hat of willpower for 192 gold pieces
   249 | D        | Bought a tattered robe for 171 gold pieces
   249 | D        | Identified the +2 robe "Xogruc" {Harm Int-5 Dex+5} (You
                  | bought it in a shop in the Dungeon)
   276 | D        | Found a snail-covered altar of Cheibriados.
   277 | D        | Found a shadowy altar of Dithmenos.
   277 | D        | Found a viscous altar of Jiyva.
   278 | D        | Found a white marble altar of Elyvilon.
   278 | D        | Found an ancient bone altar of Kikubaaqudgha.
   279 | D        | Found a blossoming altar of Fedhas.
   279 | D        | Found a corrupted altar of Lugonu.
   279 | D        | Found a shimmering blue altar of Sif Muna.
   280 | D        | Found an opulent altar of Gozag.
   280 | D        | Found a burning altar of Makhleb.
   280 | D        | Found a bloodstained altar of Trog.
   281 | D        | Found a sparkling altar of Nemelex Xobeh.
   281 | D        | Found a hide-covered altar of Uskayaw.
   282 | D        | Found a basalt altar of Yredelemnul.
   283 | D        | Found an iron altar of Okawaru.
   283 | D        | Found a radiant altar of Vehumet.
   283 | D        | Found a glowing silver altar of Zin.
   283 | D        | Found a hazy altar of Hepliaklqana.
   283 | D        | Found a sacrificial altar of Ru.
   283 | D        | Found a shimmering altar of Xom.
   284 | D        | Found a stormy altar of Qazlal.
   284 | D        | Found an ornate altar of the Wu Jian Council.
   284 | D        | Found a glowing golden altar of the Shining One.
   288 | D        | Became a worshipper of Dithmenos the Shadowed
   300 | D        | Reached skill level 10 in Spellcasting
   307 | D        | Reached * piety under Dithmenos
   316 | D        | Noticed a death yak
   318 | D        | Killed a death yak
   329 | D        | Noticed a deep elf master archer
   336 | D        | Killed a deep elf master archer
   337 | D        | Reached skill level 10 in Fighting
   337 | D        | Reached skill level 10 in Dodging
   337 | D        | Reached XP level 10. HP: 31/59 MP: 19/25
   345 | D        | Reached ** piety under Dithmenos
   371 | D        | Reached *** piety under Dithmenos
   379 | D        | Shot with a bolt by a yaktaur

Illustrated notes

Levels and vault maps discovered:
D:        the_violet_keep_of_menkaure [sprint2_stairs_cluster_1,
          sprint2_shoproom, sprint2_temple, sprint2_basic_supplies,
          sprint2_obstacle_6, sprint2_obstacle_3, sprint2_obstacle_2,
          sprint2_obstacle_4, sprint2_obstacle_1, sprint2_timed_cluster_1,
          sprint2_smallroom_cluster_1, sprint2_smallroom_final_cluster_1,
          sprint2_transparent_cluster_1, sprint2_second_timed_cluster_1,
          sprint2_sniper_area_1, sprint2_heavy_combat_area_1,
          sprint2_mutation_trap_area_1, sprint2_forest_area_1,
          sprint2_light_combat_area_1, sprint2_behind_water_1,
          sprint2_near_end_vault_1]

Skill      XL: |  1  2  3  4  5  6  7  8  9 10 |
---------------+-------------------------------+-----
Fighting       | 2 3 5 10 | 10.0
Short Blades   | 3 4 5 8 10 | 10.0
Dodging        | 4 5 7 10 13 | 13.9
Stealth        | 6 7 9 13 15 | 15.0
Spellcasting   | 4 5 9 10 | 10.0
Hexes          | 5 8 13 14 | 14.0

Action                     |  1- 3 |  4- 6 |  7- 9 | 10-12 || total
---------------------------+-------+-------+-------+-------++-------
  Melee: Dagger            |     2 |     7 |     9 |    10 ||    28
   Cast: Ensorcelled Hiber |       |       |     9 |     3 ||    12
         Confusing Touch   |       |       |       |     1 ||     1
    Use: Potion            |     2 |       |     1 |       ||     3
   Stab: Sleeping          |     2 |     7 |     9 |     5 ||    23
         Confused          |       |       |       |     1 ||     1
 Armour: Robe              |       |       |       |     2 ||     2
  Dodge: Dodged            |       |       |    11 |     4 ||    15
